 Dungeon Sprint DCSS version 0.29-a0-972-g43c84944fd (webtiles) character file.

Game seed: 10146694029476565796

2601 Conn the Arsonist (level 9, -41/85 HPs)
             Began as an Octopode Fire Elementalist on July 31, 2022.
             Was a Believer of Sif Muna.
             Killed from afar by a crystal guardian (50 damage)
             ... with a crystal bolt
             ... in the Dungeon (Sprint II: "The Violet Keep of Menkaure").
             The game lasted 00:11:59 (600 turns).

Conn the Arsonist (Octopode Fire Elementalist)       Turns: 600, Time: 00:12:00

Health: -41/85     AC: 24    Str:  7    XL:     9   Next: 59%
Magic:  15/29      EV:  2    Int: 20    God:    Sif Muna [**....]
Gold:   154        SH:  0    Dex: 12    Spells: 11/26 levels left

rFire   . . .      SeeInvis .   e - +6 falchion of Ancient Evil {pain, rElec rPois}
rCold   . . .      Faith    .   (no shield)
rNeg    . . .      Spirit   .   (helmet currently unavailable)
rPois   +          Reflect  .   (no amulet)
rElec   +          Harm     .   g - ring of magical power
rCorr   .          Rampage  .   (no ring)
Will    .....      NoTele   +   (no ring)
Stlth   +++.......              (no ring)
HPRegen 0.24/turn               (no ring)
MPRegen 0.21/turn               (no ring)
                                (no ring)
                                (no ring)

@: lethally poisoned (-41 -> -47), tree-form, slowed, very slow
A: stationary, stasis, torment immunity, boosted hp, almost no armour,
(amphibious), 8 rings, (camouflage 1), (gelatinous body 1), (nimble swimmer 1),
(tentacles), dopey 1, low MP 1
a: Renounce Religion, Channel Magic


You were in the Dungeon.
You worshipped Sif Muna.
Sif Muna was pleased with you.
You were a tree.
You visited 1 branch You collected 1068 gold pieces.
You spent 914 gold pieces at shops.

Inventory:

Hand Weapons
 e - the +6 falchion of Ancient Evil (weapon) {pain, rElec rPois}
   (You bought it in a shop in the Dungeon)

   In the hands of one skilled in necromantic magic, it inflicts extra damage on
   living creatures.
   rElec:     It insulates you from electricity.
   rPois:     It protects you from poison.
Jewellery
 g - a ring of magical power (left branch)
Scrolls
 f - a scroll of blinking
Potions
 a - 2 potions of magic
 b - 2 potions of curing
 c - a potion of heal wounds


   Skills:
 + Level 3.3 Fighting
 + Level 6.2 Dodging
 + Level 7.4 Stealth
 + Level 5.6 Unarmed Combat
 + Level 9.3 Spellcasting
 * Level 7.9 Conjurations
 + Level 2.6 Hexes
 * Level 4.0 Translocations
 + Level 13.8 Fire Magic


You had 11 spell levels left.
You knew the following spells:

 Your Spells              Type           Power      Damage    Failure   Level
a - Foxfire               Conj/Fire      100%       2x1d9     1%          1
b - Conjure Flame         Conj/Fire      52%        6-21      1%          3
c - Inner Flame           Hex/Fire       42%        N/A       1%          3
d - Flame Wave            Conj/Fire      52%        2d13      1%          4
e - Scorch                Fire           100%       2d10      1%          2
f - Blink                 Tloc           50%        N/A       2%          2

Your spell library contained the following spells:

 Spells                   Type           Power      Damage    Failure   Level
 Lesser Beckoning         Tloc           25%        N/A       4%          3
 Manifold Assault         Tloc           25%        N/A       36%         5


Dungeon Overview and Level Annotations

Branches:
Dungeon (1/1)

Altars:
Cheibriados
Dithmenos
Elyvilon
Fedhas
Gozag
Hepliaklqana
Kikubaaqudgha
Makhleb
Nemelex Xobeh
Okawaru
Qazlal
Ru
Sif Muna
Trog
Uskayaw
Vehumet
Wu Jian
Xom
Yredelemnul
Zin
The Shining One
Jiyva
Lugonu

Shops:
D :!(=*[([!=[:=[?

Annotations:
D exclusion: oklob plant, Roxanne


Innate Abilities, Weirdness & Mutations

You are a tree.
Your roots penetrate the ground, keeping you stationary.
You cannot be teleported.
You are immune to unholy pain and torment.
Your maximum health is greatly increased.
You cannot wear most types of armour.
((You are amphibious.))
You can wear up to eight rings at the same time.
((Your skin changes colour to match your surroundings (Stealth+).))
((Your rubbery body absorbs attacks. (AC +1, EV +1)))
((You are camouflaged when in or above water. (Stealth+)))
((You have tentacles for arms and can constrict up to eight enemies at once.))
You are dopey. (Int -2)
Your magical capacity is low. (-10% MP)


Message History

Press < or > to pray at altars.
Unknown command.
Press < or > to pray at altars.
Unknown command.
Press < or > to pray at altars.
Unknown command.
Press < or > to pray at altars.
Unknown command.
Press < or > to pray at altars.
Unknown command.
Press < or > to pray at altars.
Unknown command.
Press < or > to pray at altars.
You feel stable enough to blink again. The death drake breathes miasma at you.
The foul vapour engulfs you but does no damage.
The death drake bites you but does no damage. x2
Unknown command.
Press < or > to pray at altars.
You closely miss the death drake.
The death drake is lightly wounded.
You are engulfed in dark miasma.
You are poisoned.
You feel extremely sick.
The death drake bites you but does no damage.
The death drake breathes miasma at you.
The foul vapour engulfs you but does no damage.
The death drake bites you but does no damage. x3
You hit the death drake.
The death drake is moderately wounded.
You feel very sick. The death drake bites you.
* * * LOW HITPOINT WARNING * * *
The death drake bites you but does no damage. x2
The death drake bites you.
* * * LOW HITPOINT WARNING * * *
The crystal guardian fires a crystalline bolt at you.
The crystal bolt burns you!!!
Ouch! That really hurt!
You die...

####..## #^.##.#▓$$$!$$)
##.##..# +..#..#▓!:)!$?$
#.#.#..# #..#..#▓?(?!!!$
'##.+..####..##.#▓?![(!??
##..#....###...##▓▓▓▓▓▓▓+
##.##......≈≈kk≈≈≈≈≈≈≈≈≈.
####≈≈§....≈#°########+##
.#≈≈≈≈≈≈≈§.≈#°.k._._.#§S≈
##≈≈≈≈≈≈§≈.≈#°°k♣._..#S≈≈
#≈≈≈≈§≈≈≈≈§≈#°°9._._.#≈≈≈
≈≈≈§≈≈§≈≈≈≈≈#°_°_._._#§§≈
++#§≈§≈≈≈≈≈≈#.._._._.#≈≈≈
≈ ##≈≈≈###§≈#..._._._#§§§
SS≈##§§# #§≈#...._._.#≈≈≈
○§≈≈+≈≈# #≈≈#....._._#≈≈≈
§≈≈##≈≈≈≈≈≈≈##########≈≈§
≈°## #######≈≈≈≈≈≈≈≈≈≈≈≈


You could see 2 death drakes, a crystal guardian, 2 swamp drakes and 2 water
moccasins.

Vanquished Creatures
  A yaktaur (D)
  3 polar bears (D)
  A hornet (D)
  2 wyverns (D)
  4 neqoxecs (D)
  Menkaure (D)
  A water moccasin (D)
  4 necrophages (D)
  4 scorpions (D)
  A hell rat (D)
22 creatures vanquished.

Vanquished Creatures (others)
  40 foxfires (D)
40 creatures vanquished.

Grand Total: 62 creatures vanquished

Notes
Turn   | Place    | Note
-------+----------+-------------------------------------------
     0 | D        | Conn the Octopode Fire Elementalist began the quest for the
                  | Orb.
     0 | D        | Reached XP level 1. HP: 11/11 MP: 3/3
     1 | D        | Noticed a necrophage
     1 | D        | Noticed a necrophage
     1 | D        | Noticed a necrophage
     1 | D        | Noticed a necrophage
    10 | D        | Killed a necrophage
    11 | D        | Reached skill level 1 in Unarmed Combat
    11 | D        | Reached skill level 6 in Fire Magic
    11 | D        | Reached XP level 2. HP: 10/17 MP: 3/6
    11 | D        | Reached XP level 3. HP: 12/21 MP: 4/8
    11 | D        | Reached XP level 4. HP: 16/27 MP: 4/9
    12 | D        | Killed a necrophage
    13 | D        | Reached skill level 7 in Fire Magic
    13 | D        | Reached XP level 5. HP: 18/31 MP: 4/11
    17 | D        | Reached skill level 5 in Stealth
    17 | D        | Reached skill level 8 in Fire Magic
    20 | D        | Reached skill level 5 in Spellcasting
    20 | D        | Reached skill level 9 in Fire Magic
    20 | D        | Reached XP level 6. HP: 8/37 MP: 4/13
    37 | D        | Learned a level 2 spell: Scorch
    41 | D        | Learned a level 3 spell: Conjure Flame
    45 | D        | Learned a level 3 spell: Inner Flame
    50 | D        | Learned a level 4 spell: Flame Wave
    51 | D        | Noticed Roxanne
    53 | D        | Noticed Menkaure
    55 | D        | Killed Menkaure
    56 | D        | Reached skill level 1 in Fighting
    56 | D        | Reached skill level 5 in Dodging
    56 | D        | Reached skill level 10 in Fire Magic
    59 | D        | Found Vefeipor's Antique Armour Shoppe.
    59 | D        | Found Becvirab's Magic Scroll Emporium.
    60 | D        | Found Ziozymon's Book Shoppe.
    60 | D        | Found Pemacem's Antique Armour Emporium.
    60 | D        | Found Bapyem's Jewellery Emporium.
    61 | D        | Found Awoteorry's Distillery.
    61 | D        | Found Geenin's Armour Emporium.
    61 | D        | Found Onaceopp's Jewellery Emporium.
    61 | D        | Found Qikhlyut's Antique Weapon Shoppe.
    62 | D        | Found Ogifax's General Store.
    62 | D        | Found Qaec's Antique Armour Emporium.
    62 | D        | Found Riner's Jewellery Shoppe.
    62 | D        | Noticed a slime creature
    65 | D        | Found Cupt's Weapon Shoppe.
    65 | D        | Found Uvehevish's Distillery.
    65 | D        | Noticed a slime creature
    65 | D        | Noticed a slime creature
    65 | D        | Noticed an oklob plant
    66 | D        | Found Zafigeyck's Book Shoppe.
    68 | D        | Noticed a black bear
    76 | D        | Bought 2 potions of heal wounds for 110 gold pieces
    76 | D        | Bought a potion of curing for 33 gold pieces
    76 | D        | Bought a potion of lignification for 33 gold pieces
    83 | D        | Noticed a polar bear
    85 | D        | Noticed a black bear
    85 | D        | Noticed a black bear
    87 | D        | Noticed a polar bear
   102 | D        | Reached XP level 7. HP: 21/43 MP: 6/15
   107 | D        | Reached skill level 11 in Fire Magic
   135 | D        | Noticed a wyvern
   135 | D        | Noticed a wyvern
   143 | D        | Killed a wyvern
   143 | D        | Killed a wyvern
   144 | D        | Reached skill level 5 in Conjurations
   144 | D        | Reached skill level 12 in Fire Magic
   144 | D        | Reached XP level 8. HP: 20/50 MP: 14/18
   183 | D        | Gained mutation: You are dopey. (Int -2) [a neqoxec]
   186 | D        | Reached skill level 5 in Unarmed Combat
   186 | D        | Reached skill level 1 in Hexes
   203 | D        | Gained mutation: Your magical capacity is low. (-10% MP) [a
                  | neqoxec]
   231 | D        | Found a hazy altar of Hepliaklqana.
   231 | D        | Found a snail-covered altar of Cheibriados.
   232 | D        | Found a stormy altar of Qazlal.
   232 | D        | Found a viscous altar of Jiyva.
   232 | D        | Found a shadowy altar of Dithmenos.
   233 | D        | Found a sacrificial altar of Ru.
   233 | D        | Found an ancient bone altar of Kikubaaqudgha.
   233 | D        | Found a white marble altar of Elyvilon.
   234 | D        | Found an ornate altar of the Wu Jian Council.
   234 | D        | Found a shimmering blue altar of Sif Muna.
   234 | D        | Found a corrupted altar of Lugonu.
   234 | D        | Found a blossoming altar of Fedhas.
   235 | D        | Found a shimmering altar of Xom.
   235 | D        | Found a bloodstained altar of Trog.
   235 | D        | Found a burning altar of Makhleb.
   236 | D        | Found a glowing golden altar of the Shining One.
   236 | D        | Found a basalt altar of Yredelemnul.
   236 | D        | Found a hide-covered altar of Uskayaw.
   238 | D        | Found a glowing silver altar of Zin.
   238 | D        | Found a radiant altar of Vehumet.
   238 | D        | Found a sparkling altar of Nemelex Xobeh.
   239 | D        | Found an opulent altar of Gozag.
   239 | D        | Found an iron altar of Okawaru.
   243 | D        | Became a worshipper of Sif Muna the Loreminder
   285 | D        | Bought a book of Spatial Translocations for 338 gold pieces
   294 | D        | Bought an encrusted falchion for 200 gold pieces
   294 | D        | Identified the +6 falchion of Ancient Evil {pain, rElec
                  | rPois} (You bought it in a shop in the Dungeon)
   303 | D        | Bought a ring of magical power for 200 gold pieces
   318 | D        | Reached skill level 13 in Fire Magic
   327 | D        | Learned a level 2 spell: Blink
   356 | D        | Noticed a hornet
   356 | D        | Noticed a polar bear
   357 | D        | Noticed a polar bear
   358 | D        | Noticed a yaktaur
   358 | D        | Noticed a polar bear
   364 | D        | Killed a polar bear
   364 | D        | Reached * piety under Sif Muna
   364 | D        | Killed a polar bear
   365 | D        | Reached XP level 9. HP: 39/55 MP: 4/19
   366 | D        | Killed a polar bear
   366 | D        | Killed a hornet
   366 | D        | Reached ** piety under Sif Muna
   367 | D        | Killed a yaktaur
   583 | D        | Noticed a death drake
   586 | D        | Noticed a death drake
   586 | D        | Noticed a crystal guardian
   600 | D        | Killed from afar by a crystal guardian

Illustrated notes

Levels and vault maps discovered:
D:        the_violet_keep_of_menkaure [sprint2_stairs_cluster_1,
          sprint2_shoproom, sprint2_temple, sprint2_basic_supplies,
          sprint2_obstacle_5, sprint2_obstacle_4, sprint2_obstacle_6,
          sprint2_obstacle_2, sprint2_obstacle_1, sprint2_timed_cluster_1,
          sprint2_smallroom_cluster_1, sprint2_smallroom_final_cluster_1,
          sprint2_transparent_cluster_1, sprint2_second_timed_cluster_1,
          sprint2_sniper_area_1, sprint2_heavy_combat_area_1,
          sprint2_mutation_trap_area_1, sprint2_forest_area_1,
          sprint2_light_combat_area_1, sprint2_behind_water_1,
          sprint2_near_end_vault_1]

Skill      XL: |  1  2  3  4  5  6  7  8  9 |
---------------+----------------------------+-----
Dodging        | 3 4 5 6 |  6.2
Stealth        | 4 5 6 7 |  7.4
Unarmed Combat | 1 2 3 4 5 |  5.6
Spellcasting   | 3 4 5 6 8 9 |  9.3
Fire Magic     | 6 7 9 10 12 13 | 13.8
Fighting       | 1 2 3 |  3.3
Conjurations   | 3 5 7 |  7.9
Hexes          | 2 |  2.6
Translocations | 2 4 |  4.0

Action                   |  1- 3 |  4- 6 |  7- 9 || total
-------------------------+-------+-------+-------++-------
Melee: Unarmed           |     7 |     9 |     1 ||    17
       Constrict         |     1 |     3 |       ||     4
       Tentacles         |       |     4 |     1 ||     5
       Falchion          |       |       |     2 ||     2
 Cast: Scorch            |       |     3 |    11 ||    14
       Conjure Flame     |       |     1 |     2 ||     3
       Foxfire           |       |       |    24 ||    24
       Inner Flame       |       |       |     7 ||     7
       Flame Wave        |       |       |     1 ||     1
       Blink             |       |       |     1 ||     1
  Use: Potion            |     2 |       |     4 ||     6
Armor: Skin              |       |     1 |    12 ||    13
Dodge: Dodged            |     2 |       |    12 ||    14

Table legend: (Time is in decaauts)
 A = Elapsed time spent in this place.
 B = Non-inter-level travel time spent in this place.
 C = Inter-level travel time spent in this place.
 D = Time resting spent in this place.
 E = Time spent auto-exploring this place.
 F = Levels seen in this place.
 G = Mean time per level.
                   A        B        C        D        E       F      G
               +--------+--------+--------+--------+--------+-----+--------+
         Total |    595 |    593 |      2 |      0 |    197 |   1 |  595.0 |
       Dungeon |    595 |    593 |      2 |      0 |    197 |   1 |  595.0 |
               +--------+--------+--------+--------+--------+-----+--------+

Top non-repeatable levels by time:
       D: 595 daAuts
